 Dungeon Crawl Stone Soup version 0.17.1-1-g73c8601 (webtiles) character file.

156 Runnr the Skirmisher (level 5, -2/34 HPs)
             Began as a Gargoyle Fighter on Jan 3, 2016.
             Killed by divine providence
             ... invoked by an orc priest
              (16 damage)
             ... on level 3 of the Dungeon.
             The game lasted 00:02:28 (1598 turns).

Runnr the Skirmisher (Gargoyle Fighter)             Turns: 1598, Time: 00:02:28

Health: -2/34      AC: 11    Str: 19    XL:     5   Next: 38%
Magic:  5/5        EV:  7    Int:  9    God:
Gold:   62         SH:  9    Dex: 10    Spells: 0 memorised, 4 levels left

rFire  . . .     SeeInvis .     a - +0 war axe
rCold  . . .     Clarity  .     b - +0 scale mail
rNeg   + . .     SustAt   .     c - +0 shield
rPois  ∞         Gourm    .     (no helmet)
rElec  +         Spirit   .     (no cloak)
rCorr  .         Warding  .     (no gloves)
rMut   .         Stasis   .     (no boots)
MR     .....                    (no amulet)
Stlth  ..........               (no ring)
                                (no ring)

@: not resistant to hostile enchantments, extremely unstealthy
A: negative energy resistance 1, electricity resistance, unbreathing,
petrification resistance, rot immunity, AC +4
a: no special abilities


You were on level 3 of the Dungeon.
You were not hungry.

You visited 1 branch of the dungeon, and saw 3 of its levels.

You collected 62 gold pieces.

Inventory:

Hand Weapons
 a - a +0 war axe (weapon)
Armour
 b - a +0 scale mail (worn)
 c - a +0 shield (worn)
Wands
 m - a wand of teleportation (6)
 r - a wand of slowing (17)
Scrolls
 f - 2 scrolls of teleportation {unknown}
 g - a scroll of fog {unknown}
 i - a scroll of amnesia {unknown}
 n - a scroll of enchant weapon {unknown}
 p - 4 scrolls of remove curse {unknown}
Potions
 d - a potion of might
 e - 2 potions of brilliance {unknown}
 h - a potion of cancellation {unknown}
 j - 2 potions of curing {unknown}
 k - 2 potions of beneficial mutation {unknown}
 l - a potion of lignification {unknown}
 o - 2 potions of magic {unknown}
 q - a potion of poison {unknown}
Comestibles
 H - a royal jelly


   Skills:
 + Level 4.4 Fighting
 + Level 3.0 Axes
 + Level 4.2 Armour
 + Level 4.1 Shields


You had 4 spell levels left.
You didn't know any spells.

Dungeon Overview and Level Annotations

Branches:
Dungeon (3/15)

Altars:
Ashenzari
Nemelex Xobeh


Innate Abilities, Weirdness & Mutations

You are resistant to torment.
Your stone body is resilient (AC +4).
You are immune to poison.
You resist negative energy.
You are resistant to electric shocks.
You can survive without breathing.
You are immune to petrification.
You are immune to rotting.


Message History

The orc throws a tomahawk.
You block the tomahawk.
You barely miss the orc priest.
The orc priest hits you but does no damage.
You barely miss the orc priest.
The orc priest hits you with a flail of protection.
You barely miss the orc priest.
The orc priest casts a cantrip, but nothing happens.
The orc priest hits you with a flail of protection.
Your shield and scale mail prevent you from hitting the orc priest.
The orc priest invokes the aid of Beogh against you.
Something smites you!
You hit the orc priest.
The orc priest is moderately wounded.
You block the orc priest's attack.
You barely miss the orc priest.
The orc priest is moderately wounded.
The orc priest hits you but does no damage.
The orc priest invokes the aid of Beogh against you.
Something smites you!
You die...

########
##<.....############
#...###.....(...@oo#
............######b#
#...#######.######.####
##..# #............##
###.######..........o..#
......)..)..#####..##..#
###.#######.# #..##..#
#.#######.#
#..##..##########
#.........#
#..##..#oo.o.oo..


You could see an orc priest, an orc and a bat.

Vanquished Creatures
  Ijyb (D:2)
  Jessica (D:2)
  An orc wizard (D:3)
  3 adders
  A worm (D:2)
  A giant gecko (D:3)
  4 orcs (D:3)
  2 giant cockroaches
  5 goblins
  4 hobgoblins
  5 kobolds
  2 quokkas (D:3)
  5 bats
  2 giant newts (D:1)
  7 rats
44 creatures vanquished.

Notes
Turn   | Place    | Note
--------------------------------------------------------------
     0 | D:1      | Runnr the Gargoyle Fighter began the quest for the Orb.
     0 | D:1      | Reached XP level 1. HP: 14/14 MP: 1/1
   133 | D:1      | Found a shattered altar of Ashenzari.
   138 | D:1      | Reached XP level 2. HP: 16/19 MP: 2/2
   750 | D:2      | Noticed Ijyb
   752 | D:2      | Noticed Jessica
   773 | D:2      | Killed Jessica
   773 | D:2      | Reached XP level 3. HP: 18/24 MP: 3/3
   776 | D:2      | Killed Ijyb
   776 | D:2      | Reached skill level 4 in Fighting
   776 | D:2      | Reached XP level 4. HP: 22/29 MP: 4/4
  1304 | D:2      | Found a sparkling altar of Nemelex Xobeh.
  1346 | D:3      | Reached XP level 5. HP: 28/34 MP: 5/5
  1598 | D:3      | Killed from afar by an orc priest

Action                   |  1- 3 |  4- 6 || total
-------------------------+-------+-------++-------
Melee: War axe           |    91 |    92 ||   183
  Eat: Bread ration      |     1 |       ||     1
